 Dungeon Crawl Stone Soup version 0.31.0-11-ge490571c62 (webtiles) character file.

Game seed: 7063923723503510336

30 qw the Shooter (level 3, -1/20 HPs)
             Began as a Deep Elf Hunter on Feb 5, 2024.
             Slain by a gnoll
             ... wielding a +0 whip
              (6 damage)
             ... on level 3 of the Dungeon.
             The game lasted 00:00:22 (1079 turns).

qw the Shooter (Deep Elf Hunter)                    Turns: 1079, Time: 00:00:23

Health: -1/20      AC:  3    Str: 10    XL:     3   Next: 3%
Magic:  5/5        EV: 12    Int: 13    God:
Gold:   122        SH:  0    Dex: 18    Spells: 2/2 levels left

rFire   . . .        a - +0 shortbow
rCold   . . .        (shield currently unavailable)
rNeg    . . .        c - +0 leather armour
rPois   .            (no helmet)
rElec   .            (no cloak)
rCorr   .            (no gloves)
SInv    .            (no boots)
Will    .....        (no amulet)
Stlth   ++           (no ring)
HPRegen 0.23/turn    (no ring)
MPRegen 0.09/turn

%: no passive effects
@: no status effects
A: no striking features
a: no special abilities


You were on level 3 of the Dungeon.
You visited 1 branch of the dungeon, and saw 3 of its levels.

You collected 122 gold pieces.


   Skills:
 - Level 1.5 Fighting
 + Level 6.6 Ranged Weapons
 - Level 2.4 Dodging
 - Level 1.2 Stealth


You had 2 spell levels left.
You didn't know any spells.
Your spell library was empty.

Inventory:

Hand Weapons
 a - a +0 shortbow (weapon)
Armour
 c - a +0 leather armour (worn)
Scrolls
 b - a scroll of immolation {unknown}
 e - a scroll of enchant weapon {unknown}
 i - a scroll of brand weapon {unknown}
Potions
 d - a potion of berserk rage {unknown}
 f - 2 potions of attraction {unknown}
 g - a potion of haste {unknown}
 h - a potion of curing {unknown}

Dungeon Overview and Level Annotations

Branches:
Dungeon (2/15)

Altars:


Message History

Your experience leads to an increase in your attributes!
Increase (S)trength, (I)ntelligence, or (D)exterity?
You feel stronger. x2
Things that are here:
a +0 dagger; a goblin corpse A malevolent force fills the Dungeon...
You fall into a shaft and drop 1 floor!
The shaft crumbles and collapses.
A quokka comes into view.
Waypoint 2 assigned to D:3.
You shoot an arrow. The arrow hits the quokka!
You kill the quokka!
Found a dagger.
Found a stone staircase leading down.
You now have 122 gold pieces (gained 13).
You open the door. 2 gnolls come into view.
A gnoll comes into view. It is wielding a +0 spear.
Found a stone staircase leading down.
1069 ||| RETREEEEATING.
The gnoll shouts! x3
1070 ||| RETREEEEATING.
1072 ||| RETREEEEATING.
You shoot an arrow. The arrow closely misses the gnoll.
You shoot an arrow. The arrow hits the gnoll.
The gnoll is heavily wounded.
The gnoll hits you with a +0 whip.
You shoot an arrow. The arrow hits the gnoll.
The gnoll is severely wounded.
The gnoll completely misses you. The gnoll hits you with a +0 whip.
You shoot an arrow.
The arrow hits the gnoll but does no damage.
The gnoll is severely wounded.
The gnoll misses you. The gnoll hits you with a +0 whip.
You shoot an arrow. The arrow barely misses the gnoll.
The gnoll hits you from afar with a +0 halberd!
The gnoll barely misses you.
1078 ||| RETREEEEATING.
The gnoll attacks as it pursues you! The gnoll hits you with a +0 whip.
You shoot an arrow. The arrow closely misses the gnoll.
The gnoll hits you with a +0 whip.
You die...

#####.#.#####
............#
####...###.# .
#....##.########
#...####..............#
#...>.......##.######.#
#.#.#####..###.# #.###
#).###.# #...# #...g@.#
###.# ##g##### #.# #g..
#.# #..g.. ####.#
#....... ##.##.#
#..>......####...#.#
.'.........+........#
##.........####...#.#
##.##.#


You could see 2 gnolls.

Vanquished Creatures
  4 ball pythons
  3 endoplasms (D:1)
  A giant cockroach (D:2)
  3 goblins
  3 jackals (D:1)
  4 quokkas
  3 bats
  A frilled lizard (D:2)
  2 kobolds
  2 rats (D:1)
26 creatures vanquished.

Notes
Turn   | Place    | Note
-------+----------+-------------------------------------------
     0 | D:1      | qw the Deep Elf Hunter began the quest for the Orb.
     0 | D:1      | Reached XP level 1. HP: 12/12 MP: 3/3
     0 | D:1      | 0 ||| qw: Version: 0.3-a-160-g6735b56
     0 | D:1      | 0 ||| qw: Game counter: 6373
     0 | D:1      | 0 ||| qw: Melee chars always use a shield: true
     0 | D:1      | 0 ||| qw: God list: Okawaru
     0 | D:1      | 0 ||| qw: Allow faded altars: false
     0 | D:1      | 0 ||| qw: Do Orc after clearing Dungeon:15 true
     0 | D:1      | 0 ||| qw: Do second Lair branch before Depths: true
     0 | D:1      | 0 ||| qw: Lair rune preference: random
     0 | D:1      | 0 ||| qw: Goals: Normal
     0 | D:1      | 0 ||| PLANNING D:1-11
   231 | D:1      | Reached XP level 2. HP: 16/16 MP: 4/4
   265 | D:1      | Reached skill level 6 in Ranged Weapons
   769 | D:1      | 769 ||| READING scroll labelled MUGURA YM VIHU.
   770 | D:1      | 770 ||| DRINKING 3 brown potions.
   771 | D:1      | 771 ||| DROPPING scroll of butterflies.
   772 | D:1      | 772 ||| DROPPING 2 potions of invisibility.
  1018 | D:2      | Reached XP level 3. HP: 20/20 MP: 5/5
  1023 | D:2      | You fall into a shaft and drop 1 floor!
  1069 | D:3      | 1069 ||| RETREEEEATING.
  1070 | D:3      | 1070 ||| RETREEEEATING.
  1072 | D:3      | 1072 ||| RETREEEEATING.
  1077 | D:3      | HP: 5/20 [gnoll/+0 halberd (7)]
  1078 | D:3      | 1078 ||| RETREEEEATING.
  1079 | D:3      | Slain by a gnoll

Levels and vault maps discovered:
D:1:      minmay_arrival_arboretum_large, layout_basic
D:2:      layout_basic, chequers_ecumenical_altar_grove
D:3:      layout_loops_corners, wander_ebering_terrifying_dragon_lair

Skill      XL: |  1  2 |
---------------+-------+-----
Ranged Weapons | 6 |  6.6
Fighting       | |  1.5
Dodging        | |  2.4
Stealth        | |  1.2

Action                     || total
---------------------------++-------
   Fire: Shortbow          ||    81
    Use: Scroll            ||     1
         Potion            ||     1
 Armour: Leather armour    ||    27
  Dodge: Dodged            ||    32

Table legend:
 A = Non-vault XP
 B = Vault XP
 C = Vault XP percentage of total XP
 D = Non-vault monster count
 E = Vault monster count
 F = Vault count percentage of total count
                 A         B        C        D         E       F
            +---------+---------+-------+---------+---------+-------
      Total |      43 |       0 |   0.0 |      26 |       0 |   0.0
            +---------+---------+-------+---------+---------+-------
        D:1 |      33 |       0 |   0.0 |      19 |       0 |   0.0
        D:2 |       8 |       0 |   0.0 |       6 |       0 |   0.0
        D:3 |       2 |       0 |   0.0 |       1 |       0 |   0.0
            +---------+---------+-------+---------+---------+-------
